PIO (24 & UNDER)
COLORADO COMMANDERS @ SURREY SINNERS
09/03/2028
 
TOP OF THE 1ST
Colorado Commanders batting - Pitching for Surrey Sinners : LHP Scott Davis
Pitching: LHP Scott Davis
Batting: RHB Nick Crosby 0-0: Ball
1-0: Foul Ball, location: 2F
1-1: Ball
2-1: Ground out U3 (Groundball, 23)
Batting: RHB Lawrence Ware 0-0: Ball
1-0: Ground out 5-3 (Groundball, 56)
Batting: RHB Kyle Vélez 0-0: Foul Ball, location: 2F
0-1: Foul Ball, location: 2F
0-2: Ball
1-2: Foul Ball, location: 2F
1-2: Ball
2-2: Foul Ball, location: 2F
2-2: Ball
3-2: Foul Ball, location: 2F
3-2: SOLO HOME RUN (Flyball, 7D), Distance : 384 ft
Batting: RHB Eliot James 0-0: Ball
1-0: Ground out 5-3 (Groundball, 56)
Top of the 1st over - 1 run(s), 1 hit(s), 0 error(s), 0 left on base; Colorado 1 - Surrey 0
BOTTOM OF THE 1ST
Surrey Sinners batting - Pitching for Colorado Commanders : RHP Bob Brock
Pitching: RHP Bob Brock
Batting: LHB Joe Spears 0-0: Ball
1-0: Ball
2-0: Fly out, F9 (Flyball, 9S)
Batting: RHB Mitchell Darragh 0-0: Called Strike
0-1: Called Strike
0-2: Ball
1-2: Ball
2-2: Ball
3-2: Base on Balls
Batting: RHB Jake Osborn 0-0: Ball
1-0: Ball
2-0: Fly out, F8 (Line Drive, 8LM)
Batting: LHB Juan Hinojosa 0-0: Ball
1-0: Called Strike
1-1: Ball
2-1: Foul Ball, location: 2F
2-2: SINGLE (Line Drive, 6D)
Mitchell Darragh to second
Runner from 2nd tries for 3rd, SAFE, no throw
Batting: RHB Roberto Ybarra 0-0: Ball
1-0: Fly out, F9 (Flyball, 9LS)
Bottom of the 1st over - 0 run(s), 1 hit(s), 0 error(s), 2 left on base; Colorado 1 - Surrey 0
TOP OF THE 2ND
Colorado Commanders batting - Pitching for Surrey Sinners : LHP Scott Davis
Batting: LHB Roberto Herrera 0-0: Called Strike
0-1: Ball
1-1: Ball
2-1: Swinging Strike
2-2: SINGLE (Groundball, 34D)
Batting: RHB Carl O'Dell 0-0: Fly out, F8 (Flyball, 8RM)
Batting: RHB Carlos Jiménez 0-0: Ball
1-0: Ball
2-0: Ball
Wild Pitch!
Roberto Herrera to second
3-0: Ground out 4-3 (Groundball, 4)
Roberto Herrera to third
Batting: RHB Joe Sulley 0-0: Ball
1-0: SINGLE (Groundball, 6) (infield hit)
Roberto Herrera scores
Batting: RHB Pete Davis 0-0: Called Strike
Joe Sulley steals 2nd base
0-1: Swinging Strike
0-2: Ground out 6-3 (Groundball, 6M)
Top of the 2nd over - 1 run(s), 2 hit(s), 0 error(s), 1 left on base; Colorado 2 - Surrey 0
BOTTOM OF THE 2ND
Surrey Sinners batting - Pitching for Colorado Commanders : RHP Bob Brock
Batting: RHB Robert Sipple 0-0: Ball
1-0: Called Strike
1-1: Ball
2-1: Foul Ball, location: 2F
2-2: Ball
3-2: Base on Balls
Batting: RHB Clarence Harrison 0-0: Ball
1-0: Foul Ball, location: 2F
1-1: SINGLE (Groundball, 34D)
Robert Sipple to second
Runner from 2nd tries for 3rd, SAFE, throw made to third
Batting: RHB Robert Koremans 0-0: Ball
1-0: Ball
2-0: Swinging Strike
2-1: Ball
3-1: Grounds into double play, 6-4-3 (Groundball, 6M)
Robert Sipple scores
Batting: LHB Ernesto Meléndez 0-0: Called Strike
0-1: Ball
1-1: Swinging Strike
1-2: Ground out 4-3 (Groundball, 4MD)
Bottom of the 2nd over - 1 run(s), 1 hit(s), 0 error(s), 0 left on base; Colorado 2 - Surrey 1
TOP OF THE 3RD
Colorado Commanders batting - Pitching for Surrey Sinners : LHP Scott Davis
Batting: RHB Nick Crosby 0-0: Called Strike
0-1: Ball
1-1: Fly out, F4 (Line Drive, 4)
Batting: RHB Lawrence Ware 0-0: Called Strike
0-1: Foul Ball, location: 2F
0-2: SINGLE (Line Drive, 7LS)
Batting: RHB Kyle Vélez 0-0: Swinging Strike
0-1: Ball
1-1: Foul Ball, location: 2F
1-2: Ball
2-2: Strikes out looking
Batting: RHB Eliot James 0-0: Fly out, F9 (Flyball, 9)
Top of the 3rd over - 0 run(s), 1 hit(s), 0 error(s), 1 left on base; Colorado 2 - Surrey 1
BOTTOM OF THE 3RD
Surrey Sinners batting - Pitching for Colorado Commanders : RHP Bob Brock
Batting: LHB Joe Spears 0-0: Ball
1-0: Ball
2-0: Ball
3-0: Base on Balls
Batting: RHB Mitchell Darragh 0-0: Ball
1-0: Fly out, F5 (Popup, 5D)
Batting: RHB Jake Osborn 0-0: Ball
1-0: Ball
2-0: Ball
3-0: Base on Balls
Joe Spears to second
Batting: LHB Juan Hinojosa 0-0: Called Strike
0-1: Called Strike
0-2: Ball
1-2: Ball
2-2: Ball
3-2: Foul Ball, location: 2F
3-2: Foul Ball, location: 2F
3-2: Base on Balls
Joe Spears to third
Jake Osborn to second
Batting: RHB Roberto Ybarra 0-0: Foul Ball, location: 2F
0-1: Ball
1-1: Swinging Strike
1-2: Ball
2-2: Strikes out looking
Batting: RHB Robert Sipple 0-0: Called Strike
0-1: Called Strike
0-2: Ball
1-2: GRAND SLAM HOME RUN (Flyball, 78XD), Distance : 418 ft
Batting: RHB Clarence Harrison 0-0: Ball
1-0: Called Strike
1-1: Foul Ball, location: 2F
1-2: Ground out 6-3 (Groundball, 6)
Bottom of the 3rd over - 4 run(s), 1 hit(s), 0 error(s), 0 left on base; Colorado 2 - Surrey 5
TOP OF THE 4TH
Colorado Commanders batting - Pitching for Surrey Sinners : LHP Scott Davis
Batting: LHB Roberto Herrera 0-0: Ball
1-0: Fly out, F8 (Flyball, 8RM)
Batting: RHB Carl O'Dell 0-0: Ball
1-0: Called Strike
1-1: Swinging Strike
1-2: Ball
2-2: Ball
3-2: Foul Ball, location: 2F
3-2: Strikes out swinging
Batting: RHB Carlos Jiménez 0-0: Called Strike
0-1: Called Strike
0-2: Ball
1-2: Ball
2-2: Foul Ball, location: 2F
2-2: Ball
3-2: Base on Balls
Batting: RHB Joe Sulley 0-0: Called Strike
0-1: Foul Ball, location: 2F
0-2: Ball
1-2: Strikes out swinging
Top of the 4th over - 0 run(s), 0 hit(s), 0 error(s), 1 left on base; Colorado 2 - Surrey 5
BOTTOM OF THE 4TH
Surrey Sinners batting - Pitching for Colorado Commanders : RHP Bob Brock
Batting: RHB Robert Koremans 0-0: Called Strike
0-1: SINGLE (Flyball, 8LS)
Batting: LHB Ernesto Meléndez 0-0: DOUBLE (Line Drive, 78D)
Robert Koremans to third
Batting: LHB Joe Spears 0-0: Ball
1-0: Ball
2-0: Foul Ball, location: 2F
2-1: Called Strike
2-2: Fly out, F8 (Flyball, 8RM)
Runner from 3rd tags up, SCORES, throw made
Pitching: RHP Pedro Vélez
Batting: RHB Mitchell Darragh 0-0: Ball
1-0: Fly out, F8 (Flyball, 8LS)
Batting: RHB Jake Osborn 0-0: Ground out 6-3 (Groundball, 6M)
Bottom of the 4th over - 1 run(s), 2 hit(s), 0 error(s), 1 left on base; Colorado 2 - Surrey 6
TOP OF THE 5TH
Colorado Commanders batting - Pitching for Surrey Sinners : LHP Scott Davis
Batting: RHB Pete Davis 0-0: Foul Ball, location: 2F
0-1: Foul Ball, location: 2F
0-2: Fly out, F4 (Popup, 4)
Batting: RHB Nick Crosby 0-0: Foul Ball, location: 2F
0-1: Foul Ball, location: 2F
0-2: Ground out 1-3 (Groundball, P)
Batting: RHB Lawrence Ware 0-0: Called Strike
0-1: Hit by Pitch
Batting: RHB Kyle Vélez 0-0: Ball
1-0: Called Strike
1-1: Ground out 1-3 (Groundball, 13S)
Top of the 5th over - 0 run(s), 0 hit(s), 0 error(s), 1 left on base; Colorado 2 - Surrey 6
BOTTOM OF THE 5TH
Surrey Sinners batting - Pitching for Colorado Commanders : RHP Pedro Vélez
Batting: LHB Juan Hinojosa 0-0: Called Strike
0-1: Ground out 5-3 (Groundball, 56S)
Batting: RHB Roberto Ybarra 0-0: Foul Ball, location: 2F
0-1: Foul Ball, location: 2F
0-2: Ball
1-2: Ball
2-2: SINGLE (Line Drive, 7S)
Batting: RHB Robert Sipple 0-0: Called Strike
0-1: Ball
1-1: Swinging Strike
1-2: Ball
2-2: Foul Ball, location: 2F
2-2: Fielders Choice at 2nd, 6-4 (Groundball, 6D)
Batting: RHB Clarence Harrison 0-0: Ball
Robert Sipple is caught stealing 2nd base
Bottom of the 5th over - 0 run(s), 1 hit(s), 0 error(s), 0 left on base; Colorado 2 - Surrey 6
TOP OF THE 6TH
Colorado Commanders batting - Pitching for Surrey Sinners : LHP Scott Davis
Batting: RHB Eliot James 0-0: Ball
1-0: Ball
2-0: Ball
3-0: Called Strike
3-1: Base on Balls
Batting: LHB Roberto Herrera 0-0: Ball
1-0: Fly out, F9 (Flyball, 9LD)
Batting: RHB Carl O'Dell 0-0: Ground out 5-3 (Groundball, 56S)
Eliot James to second
Batting: RHB Carlos Jiménez 0-0: Called Strike
0-1: Ball
1-1: Ball
2-1: Called Strike
2-2: Fly out, F7 (Flyball, 78M)
Top of the 6th over - 0 run(s), 0 hit(s), 0 error(s), 1 left on base; Colorado 2 - Surrey 6
BOTTOM OF THE 6TH
Surrey Sinners batting - Pitching for Colorado Commanders : RHP Pedro Vélez
Batting: RHB Clarence Harrison 0-0: Ball
1-0: Swinging Strike
1-1: Foul Ball, location: 2F
1-2: Strikes out swinging
Batting: RHB Robert Koremans 0-0: Foul Ball, location: 2F
0-1: Fly out, F9 (Flyball, 9)
Batting: LHB Ernesto Meléndez 0-0: Called Strike
0-1: Ball
1-1: Ball
2-1: Ground out 4-3 (Groundball, 4)
Bottom of the 6th over - 0 run(s), 0 hit(s), 0 error(s), 0 left on base; Colorado 2 - Surrey 6
TOP OF THE 7TH
Colorado Commanders batting - Pitching for Surrey Sinners : LHP Scott Davis
Pitching: RHP Mike Alexander
Batting: RHB Joe Sulley 0-0: Called Strike
0-1: Ball
1-1: Called Strike
1-2: Foul Ball, location: 2F
1-2: Ball
2-2: Ball
3-2: SINGLE (Line Drive, 7LS)
Batting: RHB Pete Davis 0-0: Called Strike
0-1: Fly out, F9 (Flyball, 9)
Batting: RHB Nick Crosby 0-0: Ball
1-0: Foul Ball, location: 2F
1-1: Ball
2-1: Ground out 6-3 (Groundball, 6S)
Joe Sulley to second
Batting: RHB Lawrence Ware 0-0: Fly out, F9 (Flyball, 9LMF)
Top of the 7th over - 0 run(s), 1 hit(s), 0 error(s), 1 left on base; Colorado 2 - Surrey 6
BOTTOM OF THE 7TH
Surrey Sinners batting - Pitching for Colorado Commanders : RHP Pedro Vélez
Batting: LHB Joe Spears 0-0: Foul Ball, location: 2F
0-1: Ball
1-1: SINGLE (Flyball, 8RS)
Batting: RHB Mitchell Darragh 0-0: Bunt missed!
0-1: Bunted foul
0-2: Ball
1-2: Ball
2-2: Ball
3-2: Foul Ball, location: 2F
3-2: Base on Balls
Joe Spears to second
Batting: RHB Jake Osborn 0-0: Ball
1-0: SINGLE (Groundball, 4D)
Joe Spears to third
Mitchell Darragh to second
Pitching: LHP Homer Bryan
Batting: LHB Juan Hinojosa 0-0: Called Strike
0-1: Ball
1-1: Foul Ball, location: 2F
1-2: Ball
2-2: Strikes out swinging
Pitching: RHP Domingo Cruz
Batting: RHB Roberto Ybarra 0-0: Called Strike
0-1: Foul Ball, location: 2F
0-2: Foul Ball, location: 2F
0-2: Ball
1-2: SINGLE (Line Drive, 4D)
Joe Spears scores
Mitchell Darragh to third
Jake Osborn to second
Batting: RHB Robert Sipple 0-0: Called Strike
0-1: Foul Ball, location: 2F
0-2: Foul Ball, location: 2F
0-2: Strikes out swinging
Batting: RHB Clarence Harrison 0-0: Fly out, F9 (Flyball, 9S)
Bottom of the 7th over - 1 run(s), 3 hit(s), 0 error(s), 3 left on base; Colorado 2 - Surrey 7
TOP OF THE 8TH
Colorado Commanders batting - Pitching for Surrey Sinners : RHP Mike Alexander
Now at 1B: Norberto Muñóz
Batting: RHB Kyle Vélez 0-0: Ball
1-0: Called Strike
1-1: Ball
2-1: Ball
3-1: Foul Ball, location: 2F
3-2: Base on Balls
Batting: RHB Eliot James 0-0: Ball
1-0: Swinging Strike
1-1: Called Strike
1-2: Foul Ball, location: 2F
1-2: Fly out, F3 (Line Drive, 3)
Batting: LHB Roberto Herrera 0-0: Called Strike
0-1: Foul Ball, location: 2F
0-2: Ball
1-2: Ball
2-2: Fly out, F5 (Line Drive, 5S)
Batting: RHB Carl O'Dell 0-0: Fielders Choice at 2nd, 6-4 (Groundball, 6)
Top of the 8th over - 0 run(s), 0 hit(s), 0 error(s), 0 left on base; Colorado 2 - Surrey 7
BOTTOM OF THE 8TH
Surrey Sinners batting - Pitching for Colorado Commanders : RHP Domingo Cruz
Batting: RHB Robert Koremans 0-0: Ball
1-0: Ball
2-0: Called Strike
2-1: Ball
3-1: Base on Balls
Batting: LHB Ernesto Meléndez 0-0: Ball
1-0: Ball
2-0: Called Strike
2-1: Foul Ball, location: 2F
2-2: Ball
3-2: Fly out, F9 (Flyball, 9)
Batting: LHB Joe Spears 0-0: Ball
1-0: Foul Ball, location: 2F
1-1: Ball
2-1: Ball
3-1: Base on Balls
Robert Koremans to second
Batting: RHB Mitchell Darragh 0-0: Called Strike
0-1: Foul Ball, location: 2F
0-2: Ball
1-2: Foul Ball, location: 2F
1-2: Strikes out swinging
Pitching: RHP Luis Chávez
Batting: RHB Jake Osborn 0-0: Ball
1-0: Fielders Choice at 2nd, 5-4 (Groundball, 5L)
Bottom of the 8th over - 0 run(s), 0 hit(s), 0 error(s), 1 left on base; Colorado 2 - Surrey 7
TOP OF THE 9TH
Colorado Commanders batting - Pitching for Surrey Sinners : RHP Mike Alexander
Now at 2B: Tim van der Kamp
Batting: RHB Carlos Jiménez 0-0: Called Strike
0-1: Ball
1-1: Ball
2-1: Foul Ball, location: 2F
2-2: Strikes out swinging
Batting: RHB Joe Sulley 0-0: Ball
1-0: Called Strike
1-1: Foul Ball, location: 2F
1-2: SINGLE (Groundball, 6) (infield hit)
Batting: RHB Pete Davis 0-0: Ball
1-0: Ball
2-0: Called Strike
2-1: Ball
3-1: Fielders Choice at 2nd, 4-6 (Groundball, 4)
Batting: RHB Nick Crosby 0-0: Foul Ball, location: 2F
0-1: Ball
1-1: Ball
2-1: Foul Ball, location: 2F
2-2: SINGLE (Groundball, 6MS) (infield hit)
Pete Davis to second
Batting: RHB Lawrence Ware 0-0: Foul Ball, location: 2F
0-1: Ball
1-1: Ball
2-1: Swinging Strike
2-2: Fly out, F7 (Flyball, 78S)
Top of the 9th over - 0 run(s), 2 hit(s), 0 error(s), 2 left on base; Colorado 2 - Surrey 7
Tuesday, August 8th, 2017 - OOTP Baseball 17.12 Build 75